 Dungeon Crawl Stone Soup version 0.19-a0-526-gbe2e51c (webtiles) character file.

205 st0uf the Charmwright (level 5, 0/45 HPs)
             Began as a Draconian Skald on June 7, 2016.
             Killed from afar by a white imp (3 damage)
             ... with a puff of frost
             ... summoned by Natasha
             ... on level 3 of the Dungeon.
             The game lasted 00:10:42 (2171 turns).

st0uf the Charmwright (Draconian Skald)             Turns: 2171, Time: 00:10:43

Health: 0/45       AC:  6    Str: 15    XL:     5   Next: 52%
Magic:  4/8        EV: 12    Int: 12    God:
Gold:   113        SH:  0    Dex: 11    Spells: 3 memorised, 3 levels left

rFire  . . .     SeeInvis .     a - +0 mace
rCold  . . .     Gourm    .     (armour unavailable)
rNeg   . . .     Faith    .     (no shield)
rPois  .         Spirit   .     (helmet restricted)
rElec  .         Dismiss  .     (no cloak)
rCorr  .         Reflect  .     m - +0 pair of gloves
SustAt .         Harm     .     (no boots)
MR     .....                    (no amulet)
Stlth  +.........               (no ring)
                                (no ring)

@: very slightly contaminated, slowed, very slow, not resistant to hostile
enchantments, very unstealthy
A: unfitting armour, cold-blooded, AC +5
a: no special abilities


You were on level 3 of the Dungeon.
You were not hungry.

You visited 1 branch of the dungeon, and saw 4 of its levels.

You collected 113 gold pieces.

Inventory:

Hand Weapons
 a - a +0 mace (weapon)
Armour
 m - a +0 pair of gloves (worn)
Scrolls
 d - a scroll of magic mapping {unknown}
 e - 2 scrolls of enchant weapon {unknown}
 f - a scroll of recharging {unknown}
 h - a scroll of immolation {unknown}
 i - 3 scrolls of identify {unknown}
 j - 2 scrolls of remove curse {unknown}
 p - a scroll of amnesia {unknown}
Potions
 k - a potion of brilliance {unknown}
 n - a potion of curing {unknown}
 o - a potion of heal wounds {unknown}
Books
 b - a book of Battle

   Spells                             Type                      Level
   a - Infusion                       Charms                       1
   b - Shroud of Golubria             Charms/Translocation         2
   c - Song of Slaying                Charms                       2
   d - Spectral Weapon                Hexes/Charms                 3
   e - Regeneration                   Charms/Necromancy            3
Comestibles
 c - 2 bread rations
 g - 2 chunks of flesh
 l - a meat ration


   Skills:
 + Level 3.2 Fighting
 + Level 3.0 Maces & Flails
 + Level 2.6 Dodging
 - Level 2.0 Spellcasting
 + Level 4.2 Charms
 + Level 0.2 Translocations


You had 3 spell levels left.
You knew the following spells:

 Your Spells              Type           Power        Failure   Level  Hunger
a - Infusion              Chrm           ##..         6%          1    ##.....
b - Song of Slaying       Chrm           ##......     10%         2    ###....
c - Shroud of Golubria    Chrm/Tloc      #.........   17%         2    ###....


Dungeon Overview and Level Annotations

Branches:
Dungeon (4/15)
 Temple: D:4-7

Altars:

Annotations:
D:3 Natasha


Innate Abilities, Weirdness & Mutations

Your plain brown scales are hard. (AC +5)
Your body does not fit into most forms of armour.
You are cold-blooded and may be slowed by cold attacks.


Message History

* * * LOW HITPOINT WARNING * * *
You closely miss Natasha.
Your tail-slap misses Natasha.
Natasha is severely wounded.
The white imp closely misses you. The rat bites you but does no damage.
Natasha claws you.
* * * LOW HITPOINT WARNING * * *
The white imp hits you but does no damage.
The white imp closely misses you. The rat bites you.
* * * LOW HITPOINT WARNING * * *
Natasha barely misses you.
You hit Natasha. You tail-slap Natasha.
Natasha is almost dead.
The white imp hits you but does no damage.
The crimson imp blinks!
The white imp closely misses you. The rat bites you but does no damage.
Natasha stares at you and mumbles some strange words.
You resist with some effort. The white imp gestures at you.
The puff of frost hits you!
You die...

####### ##.....##
##.......##
#..>......#
#.........#
#....÷....#
#.........#
#......@5.#
##....5hr##
#......§.5#
#..............#
#..............#
..............<#
#...............h.[...
#.............#.......
.............###......


You could see Natasha, a crimson imp, 2 white imps and a rat.

Vanquished Creatures
  Ijyb (D:2)
  Natasha (D:3)
  3 gnolls (D:3)
  7 adders
  2 worms
  2 giant geckos
  2 orcs
  4 giant cockroaches
  5 goblins
  10 hobgoblins
  6 jackals (D:2)
  3 bats
  A giant gecko skeleton (D:4)
  3 giant newts (D:1)
  3 kobolds
  3 rats
56 creatures vanquished.

Notes
Turn   | Place    | Note
--------------------------------------------------------------
     0 | D:1      | st0uf the Draconian Skald began the quest for the Orb.
     0 | D:1      | Reached XP level 1. HP: 17/17 MP: 3/3
   275 | D:1      | Reached skill level 3 in Charms
   320 | D:1      | Reached XP level 2. HP: 17/25 MP: 0/5
   467 | D:1      | Learned a level 2 spell: Song of Slaying
   470 | D:1      | Learned a level 2 spell: Shroud of Golubria
   837 | D:2      | Reached XP level 3. HP: 16/30 MP: 1/6
  1163 | D:2      | Reached XP level 4. HP: 35/37 MP: 0/7
  1391 | D:2      | Noticed Ijyb
  1413 | D:2      | Killed Ijyb
  1622 | D:2      | Reached skill level 4 in Charms
  1719 | D:3      | Noticed Natasha
  1756 | D:3      | Reached XP level 5. HP: 45/45 MP: 0/8
  2156 | D:3      | Killed Natasha
  2160 | D:3      | Noticed Natasha
  2170 | D:3      | HP: 2/45 [rat (1)]
  2171 | D:3      | Killed from afar by a white imp

Vault maps used:
D:1:      sevenhm_arrival_forest_fort_small_4
D:2:      serial_glass, glass_columns_a, glass_columns_a, item_on_display_a,
          item_on_display_a, uniq_iyjb
D:3:      led_xom_imps, kennysheep_path_1, uniq_natasha, uniq_purgy
D:4:      nicolae_overflow_hidden_temple, minmay_temple_entry_enclosed_plants

Skill      XL: |  1  2  3  4  5 |
---------------+----------------+-----
Charms         | 3 4 |  4.2
Dodging        | 2 |  2.6
Fighting       | 3 |  3.2
Maces & Flails | 3 |  3.0
Spellcasting   | |  2.0
Translocations | |  0.2

Action                   |  1- 3 |  4- 6 || total
-------------------------+-------+-------++-------
Melee: Mace              |    97 |    81 ||   178
       Tailslap          |     8 |    11 ||    19
 Cast: Infusion          |    15 |    15 ||    30
       Song of Slaying   |     2 |       ||     2
       Shroud of Golubri |     2 |     8 ||    10
 Stab: Sleeping          |     2 |       ||     2
  Eat: Chunk             |     2 |     4 ||     6
Armor: Skin              |    30 |    39 ||    69
Dodge: Dodged            |    61 |    70 ||   131
